 Dungeon Crawl Stone Soup version 0.23-a0-405-g368ce00 (webtiles) character file.

119 MisterFreud the Ducker (level 5, -3/36 HPs)
             Began as an Octopode Monk on Nov 6, 2018.
             Was a Believer of Cheibriados.
             Slain by an orc priest
             ... wielding a +1 hand axe of distortion
              (15 damage)
             ... on level 3 of the Dungeon.
             The game lasted 00:02:39 (1587 turns).

MisterFreud the Ducker (Octopode Monk)              Turns: 1587, Time: 00:02:42

Health: -3/36      AC:  1    Str: 14    XL:     5   Next: 3%
Magic:  5/5        EV: 17    Int: 17    God:    Cheibriados [**....]
Gold:   90         SH:  0    Dex: 19    Spells: 4/4 levels left

rFire    . . .     SeeInvis +   a - +0 falchion
rCold    . . .     Gourm    .   (no shield)
rNeg     + . .     Faith    .   (helmet restricted)
rPois    .         Spirit   .   (no amulet)
rElec    .         Reflect  .   f - ring of positive energy
rCorr    .         Harm     .   k - ring of see invisible
MR       .....                  (no ring)
Stlth    ++++......             (no ring)
HPRegen  0.12/turn              (no ring)
MPRegen  0.09/turn              (no ring)
                                (no ring)
                                (no ring)

@: very slow
A: almost no armour, stealthy swim, amphibious, 8 rings, constrict 8, camouflage
1, gelatinous body 1
a: Bend Time, Renounce Religion


You were on level 3 of the Dungeon.
You worshipped Cheibriados.
Cheibriados was pleased with you.
You were hungry.

You visited 1 branch of the dungeon, and saw 3 of its levels.

You collected 90 gold pieces.

Inventory:

Hand Weapons
 a - a +0 falchion (weapon)
Jewellery
 f - a ring of positive energy (left tentacle)
 k - a ring of see invisible (right tentacle)
Scrolls
 d - 2 scrolls of enchant armour {unknown}
 e - a scroll of noise {unknown}
 g - a scroll of magic mapping {unknown}
 h - 2 scrolls of fear {unknown}
 m - 2 scrolls of remove curse {unknown}
Potions
 c - a potion of berserk rage {unknown}
 i - a potion of might {unknown}
 j - a potion of curing {unknown}
Comestibles
 b - 5 rations


   Skills:
 - Level 3.0 Fighting
 - Level 3.0 Long Blades
 + Level 5.1 Dodging
 - Level 4.0 Stealth


You had 4 spell levels left.
You didn't know any spells.
Your spell library was empty.

Dungeon Overview and Level Annotations

Branches:
Dungeon (3/15)

Altars:
Cheibriados
Fedhas
Kikubaaqudgha
Makhleb
Trog


Innate Abilities, Weirdness & Mutations

You cannot wear most types of armour.
You are very stealthy in the water. (Stealth+)
You are amphibious.
You can wear up to eight rings at the same time.
You can use your tentacles to constrict eight enemies at once.
Your skin changes colour to match your surroundings (Stealth+).
Your rubbery body absorbs attacks. (AC +1, EV +1)


Message History

The orc is heavily wounded.
You constrict the orc. The orc closely misses you.
You riposte.
You hit the orc but do no damage.
The orc is heavily wounded.
You slash the orc!
You kill the orc!
Cheibriados appreciates the change of pace.
You closely miss the orc priest. Your grab misses the orc priest.
You squeeze the orc priest!
The orc priest is heavily wounded.
The orc priest calls down the wrath of Beogh upon you.
Beogh smites you!
You hear a shout! x2
You barely miss the orc priest. You grab the orc priest.
The orc priest is heavily wounded.
You constrict the orc priest.
You hear a shout!
The orc priest hits you with a +1 hand axe of distortion.
Space warps horribly around you!
You die...

#.....#######..#
#....## $⌠$# #.#
####...# ....# .#
#......#..ooo..# #
#.##.#.#.8..o8.#
#.##.#.#.......#
#.##.#.#o......
#.##.#)#.......
#.##.#@#.8...8.
####.##.#o#.......#.#
#...................#
#.......#.###...#..<
####.......#.# ....
#..........#.# ####.#
#.##(.........##....#
#.##.......#........#
#.##.......#.....#


You could see an orc priest.

Vanquished Creatures
  A crimson imp (D:2)
  Jessica (D:2)
  Terence (D:2)
  A dart slug (D:1)
  A worm (D:2)
  2 leopard geckos
  2 orcs (D:3)
  2 bats
  A giant cockroach (D:2)
  2 goblins (D:2)
  4 hobgoblins
  5 kobolds
  A quokka (D:2)
  A rat (D:2)
25 creatures vanquished.

Notes
Turn   | Place    | Note
-------+----------+-------------------------------------------
     0 | D:1      | MisterFreud the Octopode Monk began the quest for the Orb.
     0 | D:1      | Reached XP level 1. HP: 16/16 MP: 1/1
   156 | D:1      | Reached XP level 2. HP: 20/21 MP: 2/2
   728 | D:2      | Noticed Terence
   735 | D:2      | Noticed a crimson imp
   736 | D:2      | Killed Terence
   736 | D:2      | Reached XP level 3. HP: 19/26 MP: 3/3
   741 | D:2      | Reached skill level 4 in Dodging
   741 | D:2      | Reached XP level 4. HP: 23/31 MP: 4/4
   805 | D:2      | Found a faded altar of an unknown god.
  1172 | D:2      | Noticed Jessica
  1179 | D:2      | Killed Jessica
  1179 | D:2      | Reached skill level 5 in Dodging
  1179 | D:2      | Reached XP level 5. HP: 36/36 MP: 5/5
  1348 | D:2      | Found a burning altar of Makhleb.
  1348 | D:2      | Found a snail-covered altar of Cheibriados.
  1356 | D:2      | Found a bloodstained altar of Trog.
  1359 | D:2      | Became a worshipper of Cheibriados the Contemplative
  1359 | D:2      | Reached * piety under Cheibriados
  1359 | D:2      | Reached ** piety under Cheibriados
  1362 | D:2      | Found a blossoming altar of Fedhas.
  1364 | D:2      | Found an ancient bone altar of Kikubaaqudgha.
  1587 | D:3      | Slain by an orc priest

Vault maps used:
D:1:      saegor_arrival_simple_e
D:2:      chequers_temple_overflow_minitemple, chequers_ecumenical_altar_lobes,
          uniq_jessica, uniq_terence
D:3:      cheibrodos_pilgrimage, first_ration, uniq_sigmund

Skill      XL: |  1  2  3  4 |
---------------+-------------+-----
Stealth        | 3 4 |  4.0
Dodging        | 4 5 |  5.1
Fighting       | |  3.0
Long Blades    | |  3.0

Action                   |  1- 3 |  4- 6 || total
-------------------------+-------+-------++-------
Melee: Falchion          |    20 |    11 ||    31
       Constrict         |     8 |     8 ||    16
       Tentacles         |     6 |     7 ||    13
       Short sword       |       |    14 ||    14
 Stab: Sleeping          |     3 |     7 ||    10
  Eat: Chunk             |       |     1 ||     1
Armor: Skin              |     1 |       ||     1
Dodge: Dodged            |     8 |    15 ||    23
       Rpst.: Falchion   |     3 |     2 ||     5

Table legend:
 A = Non-vault XP
 B = Vault XP
 C = Vault XP percentage of total XP
 D = Non-vault monster count
 E = Vault monster count
 F = Vault count percentage of total count
                 A         B        C        D         E       F
            +---------+---------+-------+---------+---------+-------
      Total |      92 |      79 |  46.2 |      21 |       4 |  16.0
            +---------+---------+-------+---------+---------+-------
        D:1 |      17 |       0 |   0.0 |       7 |       0 |   0.0
        D:2 |      75 |      73 |  49.3 |      14 |       2 |  12.5
        D:3 |       0 |       6 | 100.0 |       0 |       2 | 100.0
            +---------+---------+-------+---------+---------+-------
